 Dungeon Crawl Stone Soup version 0.30-a0-782-ge64f9170bb (webtiles) character file.

Game seed: 10815125098268738196

80 IndexError the Shooter (level 4, -3/28 HPs)
             Began as a Gargoyle Hunter on Mar 1, 2023.
             Killed from afar by Ijyb (7 damage)
             ... with a puff of flame
             ... on level 3 of the Dungeon.
             The game lasted 00:02:50 (1877 turns).

IndexError the Shooter (Gargoyle Hunter)            Turns: 1877, Time: 00:02:51

Health: -3/28      AC:  7    Str: 15    XL:     4   Next: 39%
Magic:  4/4        EV: 11    Int:  9    God:
Gold:   92         SH:  0    Dex: 15    Spells: 3/3 levels left

rFire   . . .      SeeInvis .    a - +0 shortbow
rCold   . . .      Faith    .    (shield currently unavailable)
rNeg    + . .      Spirit   .    c - +0 leather armour
rPois   ∞          Reflect  .    (no helmet)
rElec   +          Harm     .    f - +0 cloak
rCorr   .          Rampage  .    (no gloves)
Will    .....                    (no boots)
Stlth   ++                       (no amulet)
HPRegen 0.24/turn                (no ring)
MPRegen 0.09/turn                (no ring)

@: no status effects
A: sickness immunity, AC +3, negative energy resistance 1, electricity
resistance, torment resistance 1, petrification resistance
a: no special abilities


You were on level 3 of the Dungeon.
You visited 1 branch of the dungeon, and saw 3 of its levels.

You collected 92 gold pieces.

Inventory:

Hand Weapons
 a - a +0 shortbow (weapon)
Armour
 c - a +0 leather armour (worn)
 f - a +0 cloak (worn)
   (You found it on level 1 of the Dungeon)
 j - a +0 leather armour
   (You found it on level 1 of the Dungeon)
 l - a +0 scale mail
   (You found it on level 2 of the Dungeon)
 m - a +0 ring mail
   (You found it on level 2 of the Dungeon)
 n - a +0 ring mail
   (You found it on level 2 of the Dungeon)
 p - a +0 ring mail
   (You found it on level 2 of the Dungeon)
 q - a +0 robe
   (You found it on level 2 of the Dungeon)
Magical Staves
 v - a staff of conjuration {!a}
   (You found it on level 3 of the Dungeon)
Jewellery
 k - a ring of ice {rC+, rF-}
   (You found it on level 2 of the Dungeon)
Scrolls
 b - 2 scrolls of immolation {!r}
 g - 2 scrolls of teleportation {unknown}
 i - 3 scrolls of identify {unknown}
 o - a scroll of magic mapping {unknown}
 r - a scroll of brand weapon {unknown}
 s - a scroll of noise {unknown}
 t - 3 scrolls of blinking {unknown}
Potions
 d - a potion of might {unknown}
 e - a potion of flight {unknown}
 h - a potion of curing {unknown}
 u - a potion of degeneration {unknown}


   Skills:
 + Level 3.3 Fighting
 * Level 5.2 Ranged Weapons
 - Level 1.5 Dodging
 - Level 1.1 Stealth


You had 3 spell levels left.
You didn't know any spells.
Your spell library was empty.

Dungeon Overview and Level Annotations

Branches:
Dungeon (3/15)

Altars:

Annotations:
D:3 Ijyb


Innate Abilities, Weirdness & Mutations

You are immune to sickness and miasma.
Your stone body is resilient. (AC +3)
You are immune to poison.
You resist negative energy. (rN+)
You are resistant to electric shocks. (rElec)
You are resistant to unholy torment.
You are immune to petrification.


Message History

The adder hisses angrily.
You shoot an arrow. The arrow hits the adder.
You shoot an arrow. The arrow hits the adder.
You shoot an arrow. The arrow hits the adder!
No target in view!
No target in view!
t - 3 scrolls labelled YNLIAN TIDEYMI
u - a fuming orange potion A goblin comes into view.
It is wielding a +0 club.
The goblin shouts!
You shoot an arrow. The arrow hits the goblin!
No target in view!
No target in view!
A goblin comes into view. It is wielding a +0 club.
You shoot an arrow. The arrow barely misses the goblin.
The goblin shouts!
You shoot an arrow. The arrow hits the goblin.
You shoot an arrow. The arrow hits the goblin!
No target in view!
No target in view!
You now have 77 gold pieces (gained 14).
A hobgoblin comes into view.
You shoot an arrow.
The arrow hits the hobgoblin but does no damage.
You shoot an arrow. The arrow closely misses the hobgoblin.
You shoot an arrow. The arrow closely misses the hobgoblin.
No target in view!
No target in view!
You shoot an arrow.
The arrow hits the hobgoblin but does no damage.
You shoot an arrow. The arrow hits the hobgoblin.
The hobgoblin barely misses you.
You shoot an arrow. The arrow hits the hobgoblin.
No target in view!
You now have 84 gold pieces (gained 7).
You see here a hobgoblin corpse.
You now have 92 gold pieces (gained 8).
v - a staff of conjuration {!a} No target in view!
Ijyb the Twisted Goblin comes into view.
She is wielding a +0 club, wearing a +2 ring mail of willpower and carrying a wand of flame (26).
Marking area around Ijyb as unsafe for travelling.
Spoiler Alert: Ijyb (asleep) will often zap you with wands!
You shoot an arrow. The arrow hits Ijyb.
Ijyb shouts!
Spoiler Alert: Ijyb will often zap you with wands!
You shoot an arrow. The arrow completely misses Ijyb.
Ijyb zaps a wand.
The puff of flame hits you.
You take 2 damage, and have 26/28 hp.
You shoot an arrow. The arrow closely misses Ijyb.
Ijyb zaps a wand.
The puff of flame hits you!
You take 7 damage, and have 19/28 hp.
MASSIVE DAMAGE!!
You shoot an arrow. The arrow hits Ijyb but does no damage.
Spoiler Alert: Ijyb will often zap you with wands!
You shoot an arrow. The arrow hits Ijyb but does no damage.
You shoot an arrow. The arrow closely misses Ijyb.
You shoot an arrow. The arrow closely misses Ijyb.
Ijyb barely misses you.
You shoot an arrow. The arrow hits Ijyb.
Ijyb hits you but does no damage.
You shoot an arrow. The arrow hits Ijyb but does no damage.
Ijyb hits you with a +0 club.
Spoiler Alert: Ijyb will often zap you with wands!
You take 1 damage, and have 20/28 hp.
You shoot an arrow. The arrow barely misses Ijyb.
Ijyb closely misses you. Ijyb hits you but does no damage.
You shoot an arrow. The arrow hits Ijyb.
Ijyb closely misses you.
You shoot an arrow. The arrow barely misses Ijyb.
Ijyb barely misses you.
You shoot an arrow. The arrow hits Ijyb.
Ijyb hits you with a +0 club.
Spoiler Alert: Ijyb will often zap you with wands!
You take 3 damage, and have 18/28 hp.
You shoot an arrow. The arrow hits Ijyb but does no damage.
Ijyb barely misses you.
Ijyb zaps a wand.
The puff of flame hits you.
You take 5 damage, and have 13/28 hp.
You are too injured to fight recklessly!
You are too injured to fight recklessly!
Spoiler Alert: Ijyb will often zap you with wands!
Fire: a) +0 shortbow
Press: ? - help, Q - select action Shift-Dir - straight line, f/p - Ijyb
Aim: Ijyb, wielding a +0 club, wearing a +2 ring mail of willpower and carrying a wand of flame (23) (heavily wounded, 58% to hit)
You shoot an arrow. The arrow hits Ijyb.
Ijyb closely misses you.
Fire: a) +0 shortbow
Press: ? - help, Q - select action Shift-Dir - straight line, f/p - Ijyb
Aim: Ijyb, wielding a +0 club, wearing a +2 ring mail of willpower and carrying a wand of flame (23) (severely wounded, 58% to hit)
You shoot an arrow. The arrow hits Ijyb.
Ijyb screams, "Me very upset!"
Ijyb zaps a wand.
The puff of flame misses you.
Spoiler Alert: Ijyb will often zap you with wands!
Fire: a) +0 shortbow
Press: ? - help, Q - select action Shift-Dir - straight line, f/p - Ijyb
Aim: Ijyb, wielding a +0 club, wearing a +2 ring mail of willpower and carrying a wand of flame (22) (severely wounded, 58% to hit)
You shoot an arrow. The arrow barely misses Ijyb.
Ijyb closely misses you.
Ijyb zaps a wand.
The puff of flame hits you!
* * * LOW HITPOINT WARNING * * *
Spoiler Alert: Ijyb will often zap you with wands!
You take 9 damage, and have 4/28 hp.
MASSIVE DAMAGE!!
Fire: a) +0 shortbow
Press: ? - help, Q - select action Shift-Dir - straight line, f/p - Ijyb
Aim: Ijyb, wielding a +0 club, wearing a +2 ring mail of willpower and carrying a wand of flame (21) (severely wounded, 58% to hit)
You shoot an arrow. The arrow barely misses Ijyb.
Ijyb zaps a wand.
The puff of flame hits you!
You die...

##.....###.#### #.....#
#....#........###†....#
#....#####.##.........#
###....# #..###......####
#......# ##.####.##.#....#
#....###..###..#..####.#### #
#....##..###..##..# #....#
.###.......#....#....# ##...#
...#.....#...###@.#..####....#
...........##...g............#
###...........###....#########
###................###
....†...#...........
###.#...###..##.###..
....##### .###. #.. ..### #
#.. ..###


You could see Ijyb.

Vanquished Creatures
  A gnoll (D:1)
  2 adders
  2 dart slugs
  2 ball pythons (D:1)
  5 bats
  4 endoplasms
  A giant cockroach (D:1)
  4 goblins
  5 hobgoblins
  A jackal (D:1)
  A quokka (D:1)
  6 frilled lizards (D:1)
  6 kobolds
  6 rats
46 creatures vanquished.

Notes
Turn   | Place    | Note
-------+----------+-------------------------------------------
     0 | D:1      | IndexError the Gargoyle Hunter began the quest for the Orb.
     0 | D:1      | Reached XP level 1. HP: 12/12 MP: 1/1
   151 | D:1      | Reached XP level 2. HP: 18/18 MP: 2/2
   448 | D:1      | Reached XP level 3. HP: 22/22 MP: 3/3
   835 | D:1      | Reached skill level 3 in Fighting
  1037 | D:2      | Reached skill level 5 in Ranged Weapons
  1042 | D:2      | Reached XP level 4. HP: 16/28 MP: 4/4
  1859 | D:3      | Noticed Ijyb
  1876 | D:3      | HP: 4/28 [Ijyb/puff of flame (10)]
  1877 | D:3      | Killed from afar by Ijyb

Illustrated notes

Levels and vault maps discovered:
D:1:      co_arrival_square_in_a_square_in_a_square, layout_basic, st_stairs_13,
          minmay_tall_x
D:2:      layout_basic, kennysheep_generic_room_15
D:3:      layout_rooms, serial_shops, shop, uniq_ijyb, uniq_natasha, uniq_robin

Skill      XL: |  1  2  3 |
---------------+----------+-----
Fighting       | 3 |  3.3
Ranged Weapons | 5 |  5.2
Dodging        | |  1.5
Stealth        | |  1.1

Action                     |  1- 3 |  4- 6 || total
---------------------------+-------+-------++-------
   Fire: Shortbow          |   103 |    46 ||   149
 Armour: Leather armour    |    14 |     4 ||    18
  Dodge: Dodged            |    32 |    14 ||    46

Table legend: (Time is in decaauts)
 A = Elapsed time spent in this place.
 B = Non-inter-level travel time spent in this place.
 C = Inter-level travel time spent in this place.
 D = Time resting spent in this place.
 E = Time spent auto-exploring this place.
 F = Levels seen in this place.
 G = Mean time per level.
                   A        B        C        D        E       F      G
               +--------+--------+--------+--------+--------+-----+--------+
         Total |   1922 |   1775 |    147 |      0 |   1492 |   3 |  640.7 |
       Dungeon |   1922 |   1775 |    147 |      0 |   1492 |   3 |  640.7 |
               +--------+--------+--------+--------+--------+-----+--------+

Top non-repeatable levels by time:
     D:2: 907 daAuts
     D:1: 885 daAuts
     D:3: 129 daAuts

Table legend:
 A = Kills in this place as a percentage of kills in entire the game.
 B = Kills by you in this place as a percentage of kills by you in the entire game.
 C = Kills by friends in this place as a percentage of kills by friends in the entire game.
 D = Other kills in this place as a percentage of other kills in the entire game.
 E = Experience gained in this place as a percentage of experience gained in the entire game.
 F = Experience gained in this place divided by the number of levels of this place that you have seen.
                   A       B       C       D       E      F
               +-------+-------+-------+-------+-------+----------------------
         Total | 100.0 | 100.0 |   N/A |   N/A | 100.0 |  38.3
       Dungeon | 100.0 | 100.0 |   N/A |   N/A | 100.0 |  38.3
               +-------+-------+-------+-------+-------+----------------------
